 Dungeon Crawl Stone Soup version 0.30-a0-691-g754fce4c43 (webtiles) character file.

Game seed: 5275805545896831028

17516 garrulousMonolith the Grappler (level 12, -6/123 HPs)
             Began as a Troll Monk on Jan 20, 2023.
             Was a High Priest of Elyvilon.
             Mangled by a komodo dragon (10 damage)
             ... while petrified by a basilisk
             ... on level 10 of the Dungeon.
             The game lasted 00:16:11 (8420 turns).

garrulousMonolith the Grappler (Troll Monk)         Turns: 8420, Time: 00:16:11

Health: -6/123     AC:  6    Str: 22    XL:     12   Next: 19%
Magic:  11/11      EV:  1    Int:  6    God:    Elyvilon [*****.]
Gold:   800        SH:  0    Dex: 22    Spells: 11/11 levels left

rFire   . . .      SeeInvis +      - Unarmed
rCold   . . .      Faith    .    (no shield)
rNeg    + + +      Spirit   .    Q - +1 troll leather armour
rPois   ∞          Reflect  .    (helmet restricted)
rElec   .          Harm     .    q - +2 cloak {Stlth+}
rCorr   .          Rampage  .    (gloves unavailable)
Will    .....                    (boots unavailable)
Stlth   +++                      s - amulet of regeneration
HPRegen 2.80/turn                g - ring of see invisible
MPRegen 0.12/turn                p - +6 ring of dexterity

@: petrified, corroded
A: large, unfitting armour, claws 3, regeneration 1, shaggy fur 1, tough skin 1
a: Renounce Religion, Purification, Heal Other, Heal Self, Divine Vigour


You were on level 10 of the Dungeon.
You worshipped Elyvilon.
Elyvilon was extremely pleased with you.
You visited 2 branches of the dungeon, and saw 12 of its levels.

You collected 875 gold pieces.
You spent 75 gold pieces at shops.

Inventory:

Hand Weapons
 r - the +7 hammer "Jashryuhi" {spect, rElec rF+}
   (You found it on level 2 of the Dungeon)

   rF:        It protects you from fire.
   rElec:     It insulates you from electricity.
 x - a +3 dagger of venom
 J - a +0 demon whip of venom
Missiles
 f - 10 atropa-tipped darts (quivered)
 K - 4 silver javelins
Armour
 m - a scarf of invisibility
 q - a +2 cloak of stealth (worn)
 Q - a +1 troll leather armour (worn)
Magical Staves
 E - a staff of air
Jewellery
 g - a ring of see invisible (left claw)
 h - a ring of ice
 p - a +6 ring of dexterity (right claw)
 s - an amulet of regeneration (around neck)
 I - an amulet of faith
 L - a ring of wizardry
Wands
 v - a wand of iceblast (5)
 A - a wand of polymorph (11)
 D - a wand of flame (35)
 N - a wand of mindburst (8)
 O - a wand of paralysis (1)
Scrolls
 c - 2 scrolls of enchant weapon
 e - 4 scrolls of teleportation
 l - 6 scrolls of identify
 n - 2 scrolls of poison
 y - a scroll of blinking
 B - 3 scrolls of fear
 C - 2 scrolls of summoning
 F - 2 scrolls of amnesia
 M - a scroll of magic mapping {unknown}
 P - a scroll of fog {unknown}
Potions
 a - a potion of invisibility {unknown}
 b - a potion of ambrosia
 d - a potion of flight {unknown}
 i - a potion of resistance {unknown}
 k - a potion of curing
 o - a potion of mutation {unknown}
 t - a potion of brilliance {unknown}
 w - 2 potions of cancellation {unknown}
 z - 4 potions of degeneration {unknown}
 G - a potion of attraction {unknown}
Miscellaneous
 H - a lightning rod (4/4)


   Skills:
 + Level 9.0 Fighting
 + Level 0.4 Armour
 + Level 8.9 Dodging
 - Level 1.0 Stealth
 * Level 14.4 Unarmed Combat
 + Level 1.0 Invocations


You had 11 spell levels left.
You didn't know any spells.
Your spell library contained the following spells:

 Spells                   Type           Power      Damage    Failure   Level
 Blink                    Tloc           0%         N/A       65%         2
 Cigotuvi's Dreadful Rot  Necr/Pois/Air  0%         N/A       65%         2
 Lesser Beckoning         Tloc           0%         N/A       65%         2
 Momentum Strike          Conj/Tloc      0%         3d8       65%         2
 Airstrike                Air            0%         2d(0-16)  99%         4
 Summon Lightning Spire   Summ/Air       0%         N/A       99%         4
 Metabolic Englaciation   Hex/Ice        0%         N/A       100%        5
 Enfeeble                 Hex            0%         N/A       100%        7


Dungeon Overview and Level Annotations

Branches:
Dungeon (11/15)            Temple (1/1) D:6            Lair (0/5) D:11
    Orc: D:9-12

Altars:
Ashenzari
Cheibriados
Dithmenos
Elyvilon
Fedhas
Gozag
Hepliaklqana
Kikubaaqudgha
Makhleb
Nemelex Xobeh
Okawaru
Qazlal
Ru
Sif Muna
Trog
Uskayaw
Vehumet
Wu Jian
Xom
Yredelemnul
Zin
The Shining One

Shops:
D:1 =   D:5 :   D:7 !


Innate Abilities, Weirdness & Mutations

You are too large for most types of armour.
You have claws for hands.
Your natural rate of healing is unusually fast.
You are covered in fur. (AC +1)
You have tough skin. (AC +1)


Message History

The komodo dragon barely misses you.
The skeletal warrior hits you with a +0 flail!
The acid dragon spits acid at you. The splash of acid hits you!!
The acid corrodes you! The troll closely misses you. The troll claws you.
The troll barely misses you. The basilisk gazes at you.
You are slowing down.
You hear a shout!
You hear a bark!
You hear a bellow!
You hear a shout!
You hear a bellow! x3; You hear a shout!
You climb upwards.
You have turned to stone.
The komodo dragon bites you but does no damage.
The troll bites you. The troll claws you. The troll claws you!
The skeletal warrior hits you with a +0 flail!
* * * LOW HITPOINT WARNING * * *
The komodo dragon bites you!
* * * LOW HITPOINT WARNING * * *
The skeletal warrior hits you with a +0 flail!
* * * LOW HITPOINT WARNING * * *
The troll bites you.
* * * LOW HITPOINT WARNING * * *
The troll barely misses you. The troll claws you!
* * * LOW HITPOINT WARNING * * *
The komodo dragon bites you but does no damage.
The troll bites you!
* * * LOW HITPOINT WARNING * * *
The troll claws you. The troll claws you!
* * * LOW HITPOINT WARNING * * *
The skeletal warrior hits you with a +0 flail!
* * * LOW HITPOINT WARNING * * *
The komodo dragon bites you!
* * * LOW HITPOINT WARNING * * *
The skeletal warrior hits you with a +0 flail!
Elyvilon protects you from harm! The troll bites you.
* * * LOW HITPOINT WARNING * * *
The troll claws you!
* * * LOW HITPOINT WARNING * * *
The troll claws you. The komodo dragon bites you!!
You die...

### ######## #........
#......# #........ #.^....#
#........ #......###.)######
################......'[).##
..)..........)........#####
.........######.......#
###############T......#
..........).....@.....#
################zl....#
#......# #......# ########


You could see a skeletal warrior, a komodo dragon and a troll.

Vanquished Creatures
  6 two-headed ogres
  Amaemon (D:8)
  Pikel (D:5)
  An ugly thing (D:10)
  A deep elf pyromancer (D:10)
  Maurice (D:10)
  Joseph (D:9)
  An orange demon (D:8)
  2 trolls (D:10)
  Prince Ribbit (D:5)
  Sigmund (D:2)
  A wraith (D:10)
  2 wyverns
  21 yaks
  A vampire (D:10)
  5 vampire mosquitoes
  Grum (D:8)
  Edmund (D:4)
  2 water moccasins
  5 orc warriors
  5 ice beasts
  A sky beast (D:7)
  2 black bears
  4 wolves (D:8)
  4 centaurs
  A phantom (D:5)
  2 kobold brigands
  Blork the orc (D:4)
  5 bullfrogs
  2 scorpions
  A gnoll sergeant (D:9)
  2 necrophages
  19 wights
  9 killer bees
  4 howler monkeys
  2 electric eels (D:10)
  2 hounds
  A jelly (D:4)
  Crazy Yiuf (D:2)
  11 orc priests
  2 gnoll boudas (D:9)
  8 orc wizards
  Ijyb (D:4)
  Natasha (thrice) (D:4)
  9 iguanas
  15 gnolls
  8 adders
  2 shadow imps
  3 white imps (D:6)
  An ufetubus (D:4)
  2 worms
  11 dart slugs
  33 orcs
  9 ball pythons
  6 endoplasms
  2 giant cockroaches
  7 goblins
  12 hobgoblins
  3 quokkas
  6 bats
  9 frilled lizards
  12 kobolds
  7 rats
306 creatures vanquished.

Vanquished Creatures (others)
  An orc (D:6)
  3 fungi (D:1)
  4 plants (D:1)
8 creatures vanquished.

Grand Total: 314 creatures vanquished

Notes
Turn   | Place    | Note
-------+----------+-------------------------------------------
     0 | D:1      | garrulousMonolith the Troll Monk began the quest for the
                  | Orb.
     0 | D:1      | Reached XP level 1. HP: 22/22 MP: 0/0
    90 | D:1      | Reached XP level 2. HP: 29/29 MP: 1/1
   415 | D:1      | Reached XP level 3. HP: 36/36 MP: 2/2
   433 | D:1      | Found a faded altar of an unknown god.
   482 | D:1      | Found Ypseum's Jewellery Shop.
   918 | D:2      | Noticed Sigmund
   932 | D:2      | Killed Sigmund
   933 | D:2      | Reached skill level 4 in Unarmed Combat
   933 | D:2      | Reached XP level 4. HP: 29/45 MP: 3/3
   933 | D:2      | Reached XP level 5. HP: 35/53 MP: 4/4
  1063 | D:2      | Reached skill level 5 in Unarmed Combat
  1272 | D:2      | Found a runed translucent door.
  1273 | D:2      | Noticed Crazy Yiuf
  1317 | D:2      | Got the Excursus on the Cunning Storm
  1456 | D:2      | Killed Crazy Yiuf
  1493 | D:2      | Identified the +7 hammer "Jashryuhi" {spect, rElec rF+}
  1599 | D:3      | Reached XP level 6. HP: 61/61 MP: 5/5
  2350 | D:4      | Noticed Natasha
  2357 | D:4      | Killed Natasha
  2411 | D:4      | Noticed Ijyb
  2420 | D:4      | Killed Ijyb
  2447 | D:4      | Reached XP level 7. HP: 68/68 MP: 6/6
  2449 | D:4      | Reached skill level 6 in Unarmed Combat
  2553 | D:4      | Noticed Natasha
  2556 | D:4      | Killed Natasha
  2623 | D:4      | Noticed Blork the orc
  2636 | D:4      | Killed Blork the orc
  2720 | D:4      | Noticed Natasha
  2727 | D:4      | Killed Natasha
  2848 | D:5      | Entered Level 5 of the Dungeon
  2850 | D:5      | Noticed Edmund
  2851 | D:5      | Noticed Prince Ribbit
  2902 | D:4      | Killed Edmund
  2925 | D:5      | Killed Prince Ribbit
  2926 | D:5      | Reached skill level 7 in Unarmed Combat
  2926 | D:5      | Reached XP level 8. HP: 65/79 MP: 7/7
  2945 | D:5      | Noticed Pikel
  3041 | D:5      | Killed Pikel
  3042 | D:5      | Reached skill level 5 in Fighting
  3042 | D:5      | Reached skill level 5 in Dodging
  3042 | D:5      | Reached skill level 8 in Unarmed Combat
  3265 | D:5      | Found Wucit's Tremendous Tomes.
  3297 | D:5      | Reached XP level 9. HP: 88/88 MP: 8/8
  3808 | D:6      | Found a staircase to the Ecumenical Temple.
  3811 | D:6      | Reached skill level 9 in Unarmed Combat
  3848 | Temple   | Entered the Ecumenical Temple
  3931 | Temple   | Became a worshipper of Elyvilon the Healer
  3931 | Temple   | Reached * piety under Elyvilon
  3931 | Temple   | Reached ** piety under Elyvilon
  4411 | D:7      | Found Zup Rino's Distillery.
  4428 | D:7      | Bought a potion of heal wounds for 75 gold pieces
  4473 | D:7      | Reached skill level 10 in Unarmed Combat
  4487 | D:7      | Reached *** piety under Elyvilon
  4736 | D:7      | Reached XP level 10. HP: 94/100 MP: 9/9
  5186 | D:7      | Got the Discursus on Unlucky Adjuration
  5226 | D:8      | Reached skill level 11 in Unarmed Combat
  5377 | D:8      | Noticed Amaemon
  5388 | D:8      | Noticed an orange demon
  5391 | D:8      | Killed Amaemon
  5401 | D:8      | Killed an orange demon
  5492 | D:8      | Reached **** piety under Elyvilon
  5573 | D:8      | Noticed Grum
  5578 | D:8      | Reached skill level 12 in Unarmed Combat
  5624 | D:8      | Killed Grum
  5787 | D:8      | Found a glowing silver altar of Zin.
  5794 | D:8      | Found an ornate altar of the Wu Jian Council.
  6128 | D:9      | Found a radiant altar of Vehumet.
  6128 | D:9      | Noticed a two-headed ogre
  6133 | D:9      | Reached XP level 11. HP: 106/109 MP: 10/10
  6139 | D:9      | Killed a two-headed ogre
  6233 | D:9      | Found a broken altar of Ashenzari.
  6264 | D:9      | Noticed a two-headed ogre
  6281 | D:9      | Killed a two-headed ogre
  6397 | D:9      | Noticed Joseph
  6414 | D:9      | Killed Joseph
  6461 | D:9      | Reached skill level 13 in Unarmed Combat
  6834 | D:10     | Entered Level 10 of the Dungeon
  7134 | D:10     | Noticed a deep elf pyromancer
  7143 | D:10     | Noticed Maurice
  7150 | D:10     | Killed a deep elf pyromancer
  7170 | D:10     | Killed Maurice
  7216 | D:10     | Reached ***** piety under Elyvilon
  7811 | D:11     | Noticed a two-headed ogre
  7812 | D:11     | Noticed a two-headed ogre
  7897 | D:11     | Noticed a two-headed ogre
  7898 | D:11     | Found a staircase to the Lair.
  7906 | D:11     | Killed a two-headed ogre
  7933 | D:11     | Noticed a brown ugly thing
  7948 | D:10     | Reached skill level 14 in Unarmed Combat
  8121 | D:11     | Noticed a two-headed ogre
  8123 | D:11     | Noticed a two-headed ogre
  8123 | D:11     | Noticed a two-headed ogre
  8252 | D:10     | Killed a two-headed ogre
  8253 | D:10     | Reached XP level 12. HP: 82/122 MP: 11/11
  8334 | D:10     | Killed a two-headed ogre
  8372 | D:11     | Noticed a five-headed hydra
  8389 | D:10     | Killed a two-headed ogre
  8390 | D:10     | Reached skill level 1 in Invocations
  8414 | D:11     | Noticed a two-headed ogre
  8419 | D:10     | HP: 6/123 [komodo dragon (6)]
  8419 | D:10     | Elyvilon protects you from harm!
  8419 | D:10     | HP: 1/123 [troll (3)]
  8420 | D:10     | Mangled by a komodo dragon

Illustrated notes

Levels and vault maps discovered:
D:1:      ncdulo_wetmaze, layout_basic,
          shapermc_ecumenical_altar_mp_ritualfount, serial_shops,
          nicolae_shop_stone
D:2:      layout_basic, hangedman_decor_growths, uniq_sigmund,
          uniq_crazy_yiuf_cottage
D:3:      layout_rooms
D:4:      layout_basic, minmay_misc_feat_roman, uniq_natasha, uniq_ijyb,
          uniq_blork_the_orc
D:5:      layout_basic, chequers_serial_rivers_large_a,
          nicolae_shop_i_like_big_books, uniq_edmund, uniq_prince_ribbit1,
          uniq_pikel
D:6:      minmay_octagon_keep, layout_cave_pools, minmay_temple_entry_slanted
D:7:      layout_gridville, serial_shops, nicolae_square_shop,
          david_defended_altar_orc
D:8:      layout_basic, minitemple, uniq_amaemon, uniq_grum
D:9:      layout_roguey, evilmike_ruin_ashenzari,
          mainiacjoe_overflow_small_starburst, dreamdust_gnoll_shepherd,
          uniq_joseph
D:10:     lemuel_flame_loot_2, layout_basic, hive_lemuel, uniq_maurice
D:11:     minmay_the_grid_square_5x5_5x5_mashed
          [minmay_the_grid_square_5x5_inset, minmay_the_grid_square_5x5_corner,
          minmay_the_grid_square_5x5_bite,
          minmay_the_grid_square_5x5_checkered_sparse,
          minmay_the_grid_square_5x5_three, minmay_the_grid_square_5x5_one_wall,
          minmay_the_grid_square_5x5_prize_monsterx,
          minmay_the_grid_square_5x5_spiral,
          minmay_the_grid_square_5x5_prize_snowflake,
          minmay_the_grid_square_5x5_n, minmay_the_grid_square_5x5_slash,
          minmay_the_grid_square_5x5_bridge,
          minmay_the_grid_square_5x5_prize_gold,
          minmay_the_grid_square_5x5_trominoes,
          minmay_the_grid_square_5x5_empty,
          minmay_the_grid_square_5x5_almost_minimal,
          minmay_the_grid_square_5x5_prize_rear_guard,
          minmay_the_grid_square_5x5_inner_v,
          minmay_the_grid_square_5x5_prize_waves,
          minmay_the_grid_square_5x5_eight, minmay_the_grid_square_5x5_dogpile,
          minmay_the_grid_square_5x5_inner_i,
          minmay_the_grid_square_5x5_eight_small,
          minmay_the_grid_square_5x5_tie, minmay_the_grid_square_5x5_shrine1],
          layout_cave_pools, orc_david_3, nicolae_ru_sacrificial_ziggurat
Temple:   nicolae_temple_no_exploring_needed

Skill      XL: |  1  2  3  4  5  6  7  8  9 10 11 12 |
---------------+-------------------------------------+-----
Fighting       | 3 4 5 6 7 8 9 |  9.0
Dodging        | 3 4 5 6 7 8 |  8.9
Unarmed Combat | 4 5 7 8 10 12 14 | 14.4
Invocations    | 1 |  1.0
Armour         | |  0.4
Stealth        | |  1.0

Action                   |  1- 3 |  4- 6 |  7- 9 | 10-12 || total
-------------------------+-------+-------+-------+-------++-------
Melee: Unarmed           |   114 |   124 |   251 |   435 ||   924
       Punch             |     2 |     2 |     9 |    39 ||    52
Invok: Purification      |       |       |       |     1 ||     1
       Heal Self         |       |       |       |     1 ||     1
Evoke: Lightning rod     |       |       |       |     1 ||     1
       Wand              |       |       |       |     1 ||     1
  Use: Scroll            |       |     3 |     8 |     2 ||    13
       Potion            |       |       |       |     6 ||     6
 Stab: Sleeping          |    11 |     8 |     9 |     4 ||    32
       Distracted        |     1 |       |     3 |       ||     4
Armor: Robe              |    33 |    41 |    90 |   108 ||   272
       Troll leather arm |       |       |       |    19 ||    19
Dodge: Dodged            |    56 |    48 |   164 |   431 ||   699

Table legend: (Time is in decaauts)
 A = Elapsed time spent in this place.
 B = Non-inter-level travel time spent in this place.
 C = Inter-level travel time spent in this place.
 D = Time resting spent in this place.
 E = Time spent auto-exploring this place.
 F = Levels seen in this place.
 G = Mean time per level.
                   A        B        C        D        E       F      G
               +--------+--------+--------+--------+--------+-----+--------+
         Total |   8275 |   7893 |    382 |    959 |   4808 |  12 |  689.6 |
       Dungeon |   8184 |   7802 |    382 |    959 |   4808 |  11 |  744.0 |
        Temple |     90 |     90 |      0 |      0 |      0 |   1 |   90.0 |
               +--------+--------+--------+--------+--------+-----+--------+

Top non-repeatable levels by time:
    D:10: 1423 daAuts
     D:2: 979 daAuts
     D:4: 842 daAuts
     D:8: 836 daAuts
     D:9: 828 daAuts
     D:7: 818 daAuts
     D:5: 794 daAuts
     D:6: 564 daAuts
     D:1: 557 daAuts
     D:3: 490 daAuts
  Temple: 90 daAuts
    D:11: 47 daAuts
